cohdb
Replays
Latest Replays
All Replays
Popular Replays
Top Player Replays
Match Explorer
How It Works
Community
CoH3 Stats
Reddit
Sign in to upload your games and track your stats! →
Sign in with Steam
Match 45405598
Unlisted
Match 45405598
Overview
Messages
Build Orders
End
Scout Squad
Construct Weapon Support Center
Bazooka Squad
Selects Special Operations Battlegroup
M1919 Machine Gun Team
M1919 Machine Gun Team
M1919 Machine Gun Team
Air Support Center
Bazooka Squad
M3 Armored Personnel Carrier
Grasshopper Recon Run
P-47 Dive Bomb
P-47 Strafing Run
Bazooka Squad
P-47 Strafing Run
P-47 Dive Bomb
Selects M29 Weasel Recon Vehicle
Selects P-47 Anti-Infantry Loiter
Selects UNKNOWN (2162291)
Construct Tank Depot
Grasshopper Recon Run
M4A1 Sherman Whizbang
Engineer Squad
P-47 Dive Bomb
P-47 Strafing Run
M4A1 Sherman Whizbang
Selects Smoke Screen
Selects SSF Commando Squad
P-47 Dive Bomb
Grasshopper Recon Run
Improved M9 Bazooka Rockets
P-47 Strafing Run
Forward Retreat Point
P-47 Anti-Infantry Loiter
M4A1 Sherman Whizbang
Jm200092
LittleDOG
gooood
brightXD
RW_Perissa
dkdkabc
황근출
Joma & Makao
0
0
Comments
sign in to comment!
No comments posted yet!